 Dungeon Crawl Stone Soup version 0.29-a0-330-g52719c12eb (webtiles) character file.

Game seed: 1874969885039355743

14 Ajdolov the Chiller (level 2, -1/13 HPs)
             Began as a Vine Stalker Ice Elementalist on Apr 16, 2022.
             Slain by Sigmund
             ... wielding a +0 scythe
              (8 damage)
             ... on level 2 of the Dungeon.
             The game lasted 00:02:42 (994 turns).

Ajdolov the Chiller (Vine Stalker Ice Elementalist)  Turns: 994, Time: 00:02:46

Health: -1/13      AC:  2    Str: 16    XL:     2   Next: 41%
Magic:  0/6        EV: 12    Int: 15    God:
Gold:   108        SH:  0    Dex: 14    Spells: 4/5 levels left

rFire   . . .      SeeInvis .   (no weapon)
rCold   . . .      Faith    .   (no shield)
rNeg    . . .      Spirit   +   a - +0 robe
rPois   .          Reflect  .   (no helmet)
rElec   .          Harm     .   (no cloak)
rCorr   .          Rampage  .   (no gloves)
Will    .....                   (no boots)
Stlth   ++........              (no amulet)
HPRegen 0.04/turn               i - +6 ring of strength
MPRegen 0.10/turn               (no ring)

@: lethally poisoned (-1 -> -10)
A: fangs 2, magic shield, antimagic bite, no potion heal 2
a: no special abilities


You were on level 2 of the Dungeon.
You visited 1 branch of the dungeon, and saw 2 of its levels.

You collected 108 gold pieces.

Inventory:

Armour
 a - a +0 robe (worn)
Jewellery
 i - a +6 ring of strength (left hand)
Scrolls
 d - a scroll of magic mapping {unknown}
 e - a scroll of amnesia {unknown}
 f - a scroll of teleportation {unknown}
 g - 2 scrolls of fear {unknown}
 h - a scroll of enchant weapon {unknown}
Potions
 b - a potion of magic
 c - a potion of curing {unknown}
 j - a potion of degeneration {unknown}


   Skills:
 - Level 1.5 Dodging
 - Level 2.4 Stealth
 + Level 2.4 Spellcasting
 * Level 4.5 Ice Magic


You had 4 spell levels left.
You knew the following spells:

 Your Spells              Type           Power      Damage    Failure   Level
a - Freeze                Ice            60%        1d8       3%          1

Your spell library contained the following spells:

 Spells                   Type           Power      Damage    Failure   Level
 Frozen Ramparts          Ice            30%        1d5       10%         3
 Ozocubu's Armour         Ice            15%        N/A       10%         3
 Hailstorm                Conj/Ice       8%         3d4       63%         4


Dungeon Overview and Level Annotations

Branches:
Dungeon (2/15)

Altars:
Kikubaaqudgha

Annotations:
D:2 Sigmund


Innate Abilities, Weirdness & Mutations

You have extremely sharp teeth.
When hurt, damage is shared between your health and your magic reserves.
Your bite disrupts and absorbs the magic of your enemies.
Potions cannot restore your health.


Message History

The hobgoblin is moderately wounded.
The hobgoblin barely misses you.
You barely miss the hobgoblin.
The hobgoblin is moderately wounded.
The hobgoblin hits you.
You barely miss the hobgoblin. Your bite misses the hobgoblin.
The hobgoblin is moderately wounded.
The hobgoblin barely misses you.
You freeze the hobgoblin.
You kill the hobgoblin!
Things that are here:
a +0 dagger; a goblin corpse HP restored.
You see here a scroll labelled SAPLUCWEET.
An adder is nearby!
The adder hisses angrily.
You hear a shout!
Sigmund the Dreaded comes into view.
He is wielding a +0 scythe.
You see here a scroll labelled SAPLUCWEET.
You freeze the adder.
The adder is lightly wounded.
The adder bites you.
You are poisoned.
The adder poisons you!
You freeze the adder.
The adder is severely wounded.
The adder seems to slow down.
You feel sick. Sigmund closely misses you. The adder barely misses you.
You miss the adder. Your bite misses the adder.
The adder is severely wounded.
You feel sick. The adder barely misses you.
Sigmund casts a spell.
Sigmund flickers and vanishes!
Deactivating autopickup; reactivate with Ctrl-A.
You hit the adder. Your bite misses the adder.
The adder is almost dead.
You feel sick. The adder bites you.
You are lethally poisoned!
The adder poisons you! Something hits you!
Ouch! That really hurt!
You die...

.......# #...........
.......###.#..#......
######.....$#.#......
# #.....###....... #
#......#.######## #
#.....#.#@. .# #
###g#####.# .# #
#)#####{#####.### #
#)##....S@.......
#....##.#####.###
##############....)..#
......# #########
#####.#### ##.......#
##.##.##.# ...##.##.##
...##.....#


You could see an adder (slow).

Vanquished Creatures
  3 ball pythons (D:1)
  5 goblins (D:2)
  A hobgoblin (D:2)
  A kobold (D:1)
  A bat (D:2)
11 creatures vanquished.

Notes
Turn   | Place    | Note
-------+----------+-------------------------------------------
     0 | D:1      | Ajdolov the Vine Stalker Ice Elementalist began the quest
                  | for the Orb.
     0 | D:1      | Reached XP level 1. HP: 9/9 MP: 4/4
   662 | D:1      | Found a faded altar of an unknown god.
   814 | D:2      | Found an ancient bone altar of Kikubaaqudgha.
   837 | D:2      | Reached XP level 2. HP: 9/13 MP: 1/6
   988 | D:2      | Noticed Sigmund
   994 | D:2      | Slain by Sigmund

Illustrated notes

Levels and vault maps discovered:
D:1:      erik_arrival_triangle_medium, layout_basic,
          shapermc_ecumenical_altar_hornbeckon
D:2:      layout_loops_cross, basic_altar, uniq_sigmund,
          uniq_crazy_yiuf_cottage, uniq_robin

Action                   || total
-------------------------++-------
Melee: Unarmed           ||    10
       Bite              ||     2
       Punch             ||     1
 Cast: Freeze            ||    12
Armor: Robe              ||     4
Dodge: Dodged            ||     7

Table legend: (Time is in decaauts)
 A = Elapsed time spent in this place.
 B = Non-inter-level travel time spent in this place.
 C = Inter-level travel time spent in this place.
 D = Time resting spent in this place.
 E = Time spent auto-exploring this place.
 F = Levels seen in this place.
 G = Mean time per level.
                   A        B        C        D        E       F      G
               +--------+--------+--------+--------+--------+-----+--------+
         Total |   1001 |    970 |     31 |      0 |    844 |   2 |  500.5 |
       Dungeon |   1001 |    970 |     31 |      0 |    844 |   2 |  500.5 |
               +--------+--------+--------+--------+--------+-----+--------+

Top non-repeatable levels by time:
     D:1: 699 daAuts
     D:2: 302 daAuts
